AoeStats
← TPE-床上小旋風

Nomad

505852166Analyzed
4v4 RM · 20d ago on Sep 11, 2026· 54m 9s· 8 players
Game mode
Random Map
Map size
231×231
Population
200
Speed
Normal
Resources
Standard
Victory
Conquest
Starting age
Dark Age
Ending age
Imperial Age
RankedLock teamsTeams togetherTeam positionsShared explorationLock speedFull tech treeHidden civsTurbo modeCheats
Victory
Defeat
🇨🇦 Mongols · Canada
1234
+20
🇭🇺 Japanese · Hungary
1215
+20
1215
+20
🇩🇪 Georgians · Germany
1137
+24
🇷🇺 Britons · Russia
1336
-22
🇹🇼 Mongols · Taiwan
1328
-22
🇩🇿 Magyars · Algeria
1295
-20
🇰🇷 Turks · South Korea
1278
-20
coke diet
7:35 Loom
12:43 Feudal Age
16:41 Castle Age
19:55 Fletching
24:06 Medium Warships
25:31 Horse Collar
26:35 Bodkin Arrow
31:19 Ballistics
31:41 Padded Archer Armor
34:36 Leather Archer Armor
35:43 Husbandry
36:05 Thumb Ring
36:49 Bloodlines
40:33 Imperial Age
39:45 Light Cavalry
40:48 Scale Barding Armor
41:16 Bracer
41:44 Elite Mangudai
44:05 Chemistry
44:59 Chain Barding Armor
45:24 Hussar
47:45 Forging
[H] Sir Benedict
5:10 Loom
12:33 Feudal Age
13:33 Double-Bit Axe
19:13 Castle Age
17:07 Gold Mining
17:32 Fletching
20:05 Medium Warships
19:57 Bodkin Arrow
23:12 Clinker Construction
23:20 Careening
24:39 Horse Collar
29:07 Scale Mail Armor
30:41 Chain Mail Armor
30:37 Forging
29:56 Pikeman
30:38 Squires
35:21 Imperial Age
34:13 Wheelbarrow
35:46 Gambesons
35:23 Man-at-Arms
36:54 Plate Mail Armor
37:00 Iron Casting
36:18 Halberdier
37:56 Long Swordsman
38:23 Arson
38:48 Two-Handed Swordsman
39:14 Capped Ram
41:21 Champion
42:27 Conscription
49:01 Blast Furnace
roran211
4:44 Loom
13:10 Feudal Age
20:39 Castle Age
21:02 Bloodlines
22:47 Scale Barding Armor
24:08 Forging
53:19 Chain Barding Armor
灯窝森曾瑞卜药方松滴
5:51 Loom
13:34 Feudal Age
15:22 Town Watch
15:32 Domestication
17:55 Castle Age
18:10 Double-Bit Axe
20:14 Bow Saw
21:53 Wheelbarrow
21:43 Fletching
22:35 Padded Archer Armor
25:31 Husbandry
26:27 Bodkin Arrow
29:14 Ballistics
29:11 Leather Archer Armor
28:42 Heavy Cavalry Archer
30:36 Thumb Ring
36:25 Imperial Age
35:22 Pastoralism
37:37 Parthian Tactics
37:49 Bracer
38:19 Ring Archer Armor
39:00 Chemistry
38:35 Gold Mining
38:35 Stone Mining
42:05 Coinage
41:03 Light Cavalry
41:57 Forging
41:52 Scale Barding Armor
41:57 Forging
41:52 Scale Barding Armor
41:58 Forging
41:53 Scale Barding Armor
43:05 Two-Man Saw
42:41 Transhumance
43:25 Conscription
43:14 Ordo Cavalry
45:07 Hussar
46:25 Iron Casting
45:55 Scale Barding Armor
46:25 Iron Casting
45:55 Scale Barding Armor
46:25 Iron Casting
45:55 Scale Barding Armor
46:25 Iron Casting
46:29 Stone Shaft Mining
51:30 Banking
54:00 Chain Barding Armor
MinGyu
3:06 Loom
14:09 Feudal Age
18:20 Castle Age
17:12 Fletching
19:10 Fishing Lines
19:40 Stone Mining
20:29 Bodkin Arrow
22:18 Gillnets
25:18 Padded Archer Armor
40:55 Double-Bit Axe
44:15 Gold Mining
TPE-床上小旋風
5:17 Loom
15:25 Feudal Age
19:56 Castle Age
22:06 Medium Warships
23:23 Double-Bit Axe
24:48 Wheelbarrow
24:38 Stone Mining
25:50 Horse Collar
26:03 Gold Mining
27:17 Fletching
28:11 Gold Shaft Mining
27:48 Bow Saw
31:43 Bodkin Arrow
33:00 Padded Archer Armor
33:40 Hand Cart
35:28 Ballistics
36:15 Yeomen
38:37 Imperial Age
37:16 Leather Archer Armor
37:36 Town Watch
39:32 Bracer
40:46 Chemistry
39:20 Elite Longbowman
40:46 Conscription
42:01 Ring Archer Armor
47:46 Two-Man Saw
48:29 Warwolf
OnionStorM
5:44 Loom
12:47 Feudal Age
17:09 Castle Age
15:05 Double-Bit Axe
16:16 Horse Collar
18:58 Bow Saw
18:36 Loom
19:17 Fletching
19:23 Gold Mining
21:18 Bodkin Arrow
22:45 Gold Shaft Mining
28:14 Padded Archer Armor
30:10 Ballistics
WololoMyEx
4:56 Loom
14:35 Feudal Age
16:00 Double-Bit Axe
19:15 Wheelbarrow
22:02 Castle Age
20:47 Horse Collar
22:38 Town Watch
23:06 Bow Saw
24:46 Heavy Plow
26:06 Corvinian Army
26:36 Scale Barding Armor
Connection lost

Rejoining the realm…

Still unreachable

The connection could not be restored.

Session expired

The server has moved on; the page needs a fresh start.